 Dungeon Crawl Stone Soup version 0.20-a0-59-g66a9409 (webtiles) character file.

62 KristoblXynda the Slasher (level 3, -2/30 HPs)
             Began as a Minotaur Skald on Nov 16, 2016.
             Killed from afar by Sigmund (9 damage)
             ... with a magic dart
             ... on level 2 of the Dungeon.
             The game lasted 00:02:07 (1751 turns).

KristoblXynda the Slasher (Minotaur Skald)          Turns: 1751, Time: 00:02:07

Health: -2/30      AC:  3    Str: 16    XL:     3   Next: 85%
Magic:  4/4        EV: 11    Int: 10    God:
Gold:   36         SH:  0    Dex:  9    Spells: 1 memorised, 4 levels left

rFire  . . .     SeeInvis .     a - +0 falchion
rCold  . . .     Gourm    .     b - +0 leather armour
rNeg   . . .     Faith    .     (no shield)
rPois  .         Spirit   .     (helmet restricted)
rElec  .         Reflect  .     (no cloak)
rCorr  .         Harm     .     (no gloves)
MR     .....                    (no boots)
Stlth  ..........               (no amulet)
                                (no ring)
                                (no ring)

@: confused
A: retaliatory headbutt, horns 2
a: no special abilities


You were on level 2 of the Dungeon.
You were not hungry.

You visited 1 branch of the dungeon, and saw 2 of its levels.

You collected 36 gold pieces.

Inventory:

Hand Weapons
 a - a +0 falchion (weapon)
Armour
 b - a +0 leather armour (worn)
Scrolls
 e - a scroll of noise {unknown}
 i - 2 scrolls of identify
Potions
 f - a potion of heal wounds
Books
 c - a book of Battle

   Spells                             Type                      Level
   a - Infusion                       Charms                       1
   b - Shroud of Golubria             Charms/Translocation         2
   c - Song of Slaying                Charms                       2
   d - Spectral Weapon                Hexes/Charms                 3
   e - Regeneration                   Charms/Necromancy            3


   Skills:
 - Level 2.4 Fighting
 + Level 3.0 Long Blades
 + Level 2.8 Armour
 - Level 1.1 Dodging
 + Level 1.8 Spellcasting
 + Level 2.3 Charms


You had 4 spell levels left.
You knew the following spells:

 Your Spells              Type           Power        Failure   Level  Hunger
a - Infusion              Chrm           #...         17%         1    ##.....


Dungeon Overview and Level Annotations

Branches:
Dungeon (2/15)

Altars:

Annotations:
D:2 Sigmund


Innate Abilities, Weirdness & Mutations

You reflexively headbutt those who attack you in melee.
You have a pair of horns on your head.


Message History

Sigmund is lightly wounded.
Sigmund closely misses you.
You hit Sigmund.
Sigmund is moderately wounded.
Sigmund hits you with a scythe.
You barely miss Sigmund. You headbutt Sigmund!
Sigmund is heavily wounded.
Sigmund gestures at you while chanting.
You are confused.
You're too confused to move!
Sigmund hits you with a scythe.
Wield which item (- for none, * to show all)? (? for menu, Esc to quit)
Okay, then.
You're too confused to move!
Sigmund hits you from afar with a scythe!
* * * LOW HITPOINT WARNING * * *
Sigmund points at you and mumbles some strange words.
You are more confused.
Sigmund points at you and mumbles some strange words.
The magic dart hits you!
You die...

###.##.#..## #..# #..###.#
#.##.#..# #..####.<###.###
#.##.#..# #>..............
#.##.#..# ##..##........###
#.##.#..# #...##.#.........
#.......# #.)##.#..####...
#.......#####..(......# #.##
#........).@...##(#.#.###.##
######.....@...##.#.#.......
#<..................#.....##
##.....######.......#.##....
#...#.######...............
#...#.#....#.........##....
#...#.#....#..###.##.##....
##...#.#....#..###.#..##....
#'...+.#....#..........'....
##...###....#..###.#.#.#....


You could see Sigmund.

Vanquished Creatures
  An adder (D:2)
  2 oozes (D:2)
  2 dart slugs
  4 giant cockroaches
  6 goblins
  4 hobgoblins
  A quokka (D:2)
  6 bats
  4 frilled lizards
  8 kobolds
  3 rats
41 creatures vanquished.

Notes
Turn   | Place    | Note
-------+----------+-------------------------------------------
     0 | D:1      | KristoblXynda the Minotaur Skald began the quest for the Orb.
     0 | D:1      | Reached XP level 1. HP: 18/18 MP: 1/1
   230 | D:1      | Reached XP level 2. HP: 20/25 MP: 3/3
   705 | D:2      | Reached XP level 3. HP: 30/30 MP: 4/4
   883 | D:2      | Noticed Sigmund
  1113 | D:2      | HP: 1/30 [poisoned by an adder]
  1486 | D:2      | Reached skill level 3 in Long Blades
  1751 | D:2      | Killed from afar by Sigmund

Vault maps used:
D:1:      wheals_arrival_shading, dk_noncrumbling_4
D:2:      uniq_sigmund

Skill      XL: |  1  2  3 |
---------------+----------+-----
Armour         | 2 |  2.8
Long Blades    | 3 |  3.0
Fighting       | |  2.4
Dodging        | |  1.1
Spellcasting   | |  1.8
Charms         | |  2.3

Action                   || total
-------------------------++-------
Melee: Falchion          ||    89
       Headbutt          ||    10
  Use: Scroll            ||     5
       Potion            ||     1
 Stab: Sleeping          ||     1
  Eat: Bread ration      ||     1
Armor: Leather armour    ||    37
Dodge: Dodged            ||    67
       Rpst.: Falchion   ||    14
